[Event "December 5 Early 2023"]
[Site "https://www.chess.com"]
[Date "2023.12.05"]
[Round "6"]
[White "Nikulina, Alena"]
[Black "Besso, Guadalupe"]
[Result "0-1"]
[Board "196"]
[TimeControl "180+1"]
[WhiteFideId "4172051"]
[BlackFideId "123161"]
[WhiteElo "2025"]
[BlackElo "2074"]
[WhiteTeam "RUS"]
[BlackTeam "ARG"]
[WhiteClock "0:00:18"]
[BlackClock "0:01:46"]

1. e4 c5 2. Nf3 d6 3. d4 cxd4 4. Nxd4 Nf6 5. Nc3 g6 6. Be3 Bg7 7. f3 O-O 8. g4 Nc6 9. Qd2 Bxg4 10. fxg4 Nxg4 11. Nxc6 bxc6 12. h3 Nxe3 13. Qxe3 c5 14. Bc4 Rb8 15. Bb3 Qa5 16. h4 c4 17. Bxc4 Rxb2 18. Rh3 Rxc2 19. Rc1 Bxc3+ 20. Qxc3 Rxc3 21. Rhxc3 Qe5 22. Bd5 Qh2 23. Rf3 e6 24. Bb7 Qh1+ 25. Rf1 Qxh4+ 26. Ke2 Qg4+ 27. Ke3 Qg5+ 28. Kd3 Kg7 29. Bc8 Rxc8 30. Rxc8 Qb5+ 31. Ke3 Qxf1 0-1

[Event "December 5 Early 2023"]
[Site "https://www.chess.com"]
[Date "2023.12.05"]
[Round "6"]
[White "Minko, Dmitry"]
[Black "Hartikainen, Jarmo"]
[Result "1-0"]
[Board "197"]
[TimeControl "180+1"]
[WhiteFideId "24188468"]
[BlackFideId "503134"]
[WhiteElo "2499"]
[BlackElo "2104"]
[WhiteTeam "FID"]
[BlackTeam "FIN"]
[WhiteClock "0:01:45"]
[BlackClock "0:00:18"]

1. e4 c5 2. Nf3 Nc6 3. d4 cxd4 4. Nxd4 Nf6 5. Nc3 d6 6. f3 e5 7. Nb3 h6 8. Be3 Be6 9. Qd2 a6 10. Nd5 Bxd5 11. exd5 Nb8 12. Na5 Qc7 13. b4 Be7 14. c4 Nbd7 15. Bd3 Rc8 16. O-O Bf8 17. Rac1 g6 18. Rfe1 Bg7 19. Rc2 Kf8 20. Rec1 b6 21. Nc6 Nb8 22. c5 bxc5 23. bxc5 Nxc6 24. cxd6 Qxd6 25. Bc5 1-0

[Event "December 5 Early 2023"]
[Site "https://www.chess.com"]
[Date "2023.12.05"]
[Round "6"]
[White "Fernandez Hernandez, Gerardo"]
[Black "Mangialardo, Tiago Carvalho"]
[Result "1-0"]
[Board "198"]
[TimeControl "180+1"]
[WhiteFideId "2207400"]
[BlackFideId "2130718"]
[WhiteElo "2218"]
[BlackElo "2087"]
[WhiteTeam "ESP"]
[BlackTeam "BRA"]
[WhiteClock "0:00:21"]
[BlackClock "0:00:00"]

1. e4 Nf6 2. e5 Nd5 3. c4 Nb6 4. d4 d6 5. exd6 exd6 6. Nc3 Be7 7. Be2 O-O 8. Nf3 Bg4 9. b3 Nc6 10. h3 Bh5 11. O-O Re8 12. d5 Bxf3 13. Bxf3 Ne5 14. Be2 g6 15. Bb2 Bf6 16. Ne4 Bg7 17. Re1 Nf3+ 18. Bxf3 Bxb2 19. Rb1 Bg7 20. Qd2 h6 21. a4 Nd7 22. b4 Ne5 23. Be2 Qh4 24. f4 Nd7 25. Bf3 f5 26. Nf2 Qg3 27. Re6 Nf8 28. Re2 g5 29. fxg5 hxg5 30. Rbe1 Rxe2 31. Qxe2 Bd4 32. Kf1 Re8 33. Qd2 Rxe1+ 34. Kxe1 Be5 35. Kf1 Ng6 36. Nh1 Qh2 37. Nf2 Qg3 38. Nd3 Nh4 39. Qf2 Nxf3 40. Qxg3 1-0

[Event "December 5 Early 2023"]
[Site "https://www.chess.com"]
[Date "2023.12.05"]
[Round "6"]
[White "Smirnov, Timofey"]
[Black "Florianovitz, Derlei Alex"]
[Result "0-1"]
[Board "199"]
[TimeControl "180+1"]
[WhiteFideId "24176427"]
[BlackFideId "2114178"]
[WhiteElo "2036"]
[BlackElo "2196"]
[WhiteTeam "RUS"]
[BlackTeam "BRA"]
[WhiteClock "0:02:02"]
[BlackClock "0:02:29"]

1. d4 Nf6 2. Bf4 d5 3. e3 c5 4. c3 Nc6 5. Nd2 Qb6 6. Qb3 c4 7. Qc2 Bg4 8. Be2 Bxe2 9. Nxe2 e6 10. O-O Rc8 11. h3 Be7 12. Nf3 O-O 13. Ne5 Nxe5 14. Bxe5 Nd7 15. Bh2 Qc6 16. b3 b5 17. a4 a6 18. axb5 axb5 19. b4 Ra8 20. Qb2 Nb6 21. Ra5 Na4 22. Qa3 Rxa5 23. bxa5 Bxa3 0-1

[Event "December 5 Early 2023"]
[Site "https://www.chess.com"]
[Date "2023.12.05"]
[Round "6"]
[White "Subramanian, Anusha"]
[Black "Petersson, Kjell"]
[Result "0-1"]
[Board "200"]
[TimeControl "180+1"]
[WhiteFideId "477710"]
[BlackFideId "1705148"]
[WhiteElo "2033"]
[BlackElo "2168"]
[WhiteTeam "ENG"]
[BlackTeam "SWE"]
[WhiteClock "0:00:16"]
[BlackClock "0:00:36"]

1. d4 f5 2. c4 Nf6 3. Nc3 e6 4. g3 d5 5. Bg2 c6 6. Bg5 Bd6 7. e3 O-O 8. Nge2 h6 9. Bf4 b6 10. a3 Bb7 11. b4 dxc4 12. Bxd6 Qxd6 13. b5 Nd5 14. Qa4 cxb5 15. Nxb5 Qd7 16. Qxc4 Rc8 17. Qb3 a6 18. Nbc3 Nxc3 19. Bxb7 Qxb7 20. Nxc3 Qxh1+ 21. Ke2 Qc6 22. Rc1 Qc4+ 23. Qxc4 Rxc4 24. Kd3 b5 25. a4 Nd7 26. d5 exd5 27. axb5 axb5 28. Rb1 Nc5+ 29. Kd2 Rb8 30. Nxd5 Ne4+ 31. Ke2 b4 32. Ne7+ Kh7 33. Nxf5 b3 34. Nd4 b2 35. Kd3 Nd6 36. Nf5 Rc1 37. Nxd6 Rxb1 38. Ke4 Rd1 39. Ke5 b1=Q 40. Ke6 Qg6+ 41. Ke7 Qxd6+ 42. Kf7 Rb7+ 43. Ke8 Qb8# 0-1

[Event "December 5 Early 2023"]
[Site "https://www.chess.com"]
[Date "2023.12.05"]
[Round "6"]
[White "Osiecki, Stanislaw"]
[Black "Saim, Mohamed Ilias"]
[Result "0-1"]
[Board "201"]
[TimeControl "180+1"]
[WhiteFideId "1102990"]
[BlackFideId "7900465"]
[WhiteElo "2125"]
[BlackElo "1992"]
[WhiteTeam "POL"]
[BlackTeam "ALG"]
[WhiteClock "0:00:00"]
[BlackClock "0:00:16"]

1. e4 c6 2. d4 d5 3. e5 Bf5 4. Bd3 Bxd3 5. Qxd3 e6 6. Ne2 Ne7 7. c3 h5 8. O-O Nf5 9. Ng3 g6 10. Nxf5 gxf5 11. b4 Nd7 12. Nd2 Nb6 13. a4 Bh6 14. f4 Rg8 15. a5 Nc8 16. Nf3 Ne7 17. Ng5 Bxg5 18. fxg5 Ng6 19. Qh3 Rh8 20. a6 b6 21. Bd2 Qe7 22. g3 Kf8 23. Qg2 Kg7 24. h4 Rac8 25. Bf4 c5 26. bxc5 bxc5 27. Rfb1 cxd4 28. cxd4 Rc7 29. Qb2 Rhc8 30. Rc1 Qd7 31. Rxc7 Rxc7 32. Rc1 Rxc1+ 33. Bxc1 Qa4 34. Be3 Qxa6 35. Qb8 Qb6 36. Qxb6 axb6 37. Kf1 Kf8 38. Ke2 Ke8 39. Kd2 Kd7 40. Kc3 Kc6 41. Kb4 Ne7 42. Bc1 Nc8 43. Ba3 Na7 44. Bb2 Nb5 45. Kb3 Nc7 46. Kb4 Na6+ 47. Kb3 Kb5 48. Ba3 Nc7 49. Be7 Ka5 50. Bb4+ Kb5 51. Bd6 Na6 52. Ba3 Nb8 53. Bd6 Nc6 54. Kc3 Ka4 0-1

[Event "December 5 Early 2023"]
[Site "https://www.chess.com"]
[Date "2023.12.05"]
[Round "6"]
[White "pauliukevicius"]
[Black "Vargas, Mauricio"]
[Result "1-0"]
[Board "202"]
[TimeControl "180+1"]
[BlackFideId "4404572"]
[WhiteElo "2107"]
[BlackElo "1842"]
[BlackTeam "COL"]
[WhiteClock "0:00:19"]
[BlackClock "0:00:00"]

1. d4 d5 2. c4 c6 3. Nf3 e6 4. e3 f5 5. b3 Nf6 6. Bd3 Ne4 7. O-O Bb4 8. Ba3 Bxa3 9. Nxa3 O-O 10. Ne5 Bd7 11. f3 Nf6 12. Nb1 Be8 13. Nc3 Nbd7 14. Nxd7 Qxd7 15. Qc2 Rc8 16. Rad1 Qf7 17. e4 Qh5 18. exf5 exf5 19. Bxf5 Rd8 20. Rfe1 Bg6 21. Bxg6 hxg6 22. Re7 Rde8 23. Rde1 g5 24. R1e5 Rxe7 25. Rxe7 g4 26. Qe2 gxf3 27. Qxf3 Qg5 28. Rxb7 Ne4 29. Nxe4 Rxf3 30. Nxg5 Rf5 31. Nf3 Rf7 32. Rxf7 Kxf7 33. Ne5+ Ke6 34. Nxc6 Kd6 35. Nxa7 dxc4 36. bxc4 Kc7 37. Kf2 Kb7 38. Nb5 Kb6 39. d5 Kc5 40. d6 Kc6 41. Ke3 g5 42. Kd4 Kd7 43. g4 Kc6 44. Ke5 Kd7 45. Kd5 Kd8 46. Nd4 Kd7 47. Nf5 Kd8 48. Ne3 Kd7 49. c5 Kd8 50. c6 1-0

[Event "December 5 Early 2023"]
[Site "https://www.chess.com"]
[Date "2023.12.05"]
[Round "7"]
[White "Le, Tuan Minh"]
[Black "Firouzja, Alireza"]
[Result "1/2-1/2"]
[Board "1"]
[TimeControl "180+1"]
[WhiteFideId "12401153"]
[BlackFideId "12573981"]
[WhiteElo "3072"]
[BlackElo "3183"]
[WhiteTeam "VIE"]
[BlackTeam "FRA"]
[WhiteClock "0:00:07"]
[BlackClock "0:00:02"]

1. d4 Nf6 2. c4 e6 3. Nc3 Bb4 4. e3 O-O 5. Bd2 c5 6. a3 Bxc3 7. Bxc3 Ne4 8. Ne2 b6 9. d5 Ba6 10. b3 b5 11. Qc2 exd5 12. cxd5 Nxc3 13. Nxc3 b4 14. Bxa6 Nxa6 15. axb4 cxb4 16. Ne4 Qb6 17. Ng5 g6 18. Qc4 Nc5 19. O-O h6 20. Nf3 Rac8 21. h4 Rfe8 22. Rfb1 Ne4 23. Qa6 Nc3 24. Rb2 Nxd5 25. Qxb6 axb6 26. Rd2 Nf6 27. Rd4 Re4 28. Rd6 Ng4 29. Nd4 Ne5 30. Rxb6 Rxh4 31. Rxb4 d5 32. Rb5 Rh5 33. Rd1 Ng4 34. b4 Rh1+ 35. Kxh1 Nxf2+ 36. Kh2 Nxd1 37. Rc5 Rb8 38. Nc6 Rb7 39. Rxd5 Nxe3 40. Rc5 Ng4+ 41. Kg3 Nf6 42. Kf4 Kg7 43. Rc4 Rb5 44. Rc5 Rb6 45. Rc4 Nd7 46. Ke4 Rb5 47. Nd4 Rg5 48. Rc2 Nf6+ 49. Kd3 Nd5 50. Rb2 Rg3+ 51. Kc4 Ne3+ 52. Kc5 Rg5+ 53. Kc6 Rg4 54. Kc5 Rg5+ 55. Kc6 Nc4 56. Re2 Na3 57. b5 Rg4 58. Kc5 Rg5+ 59. Kb4 Nxb5 60. Nxb5 h5 61. Nd6 Rd5 62. Ne4 Re5 63. Kc4 f5 64. Nc3 Ra5 65. Kd4 Kf6 66. Nd5+ Kg5 67. Ke5 Ra8 68. Ke6 Ra6+ 69. Kf7 Rd6 70. Ne7 f4 71. Re5+ Kg4 72. Nxg6 f3 73. gxf3+ Kxf3 74. Rxh5 Ke4 75. Ne7 Ra6 76. Rh4+ Ke5 77. Rh1 Ke4 78. Re1+ Kf4 79. Ng6+ Kg4 80. Ne5+ Kf5 81. Nc4 Ra7+ 82. Ke8 Kf6 83. Nd6 Rh7 84. Kd8 Ra7 85. Nb5 Rh7 86. Nc7 Kf5 87. Nb5 Kf6 88. Nd6 Ra7 89. Kc8 Rh7 90. Ne8+ Kf5 91. Nc7 Kf6 92. Kb7 Kf5 93. Kc6 Kf4 94. Ne6+ Kf3 95. Ng5+ Kf2 96. Re8 Rh5 97. Ne6 Kf3 98. Kd6 Ra5 99. Nd4+ Kf4 100. Nb3 Rb5 101. Nc5 Ra5 102. Kd5 Kf3 103. Kd4 Ra7 104. Rf8+ Kg4 105. Ne4 Re7 106. Ke3 Kh5 107. Rg8 Kh6 108. Kf4 Rf7+ 109. Ke5 Rg7 110. Ra8 Kg6 111. Ra6+ Kh5 112. Kf5 Rf7+ 113. Nf6+ Kh6 114. Ra8 Rb7 115. Rh8+ Kg7 116. Rh7+ Kf8 117. Nd7+ Ke8 118. Ke6 Kd8 119. Kd6 Ke8 120. Ke6 Kd8 121. Kd6 Ke8 122. Kc6 Rb1 123. Ne5 Kf8 124. Kd6 1/2-1/2

[Event "December 5 Early 2023"]
[Site "https://www.chess.com"]
[Date "2023.12.05"]
[Round "7"]
[White "Duda, Jan-Krzysztof"]
[Black "Aronian, Levon"]
[Result "0-1"]
[Board "2"]
[TimeControl "180+1"]
[WhiteFideId "1170546"]
[BlackFideId "13300474"]
[WhiteElo "3069"]
[BlackElo "3084"]
[WhiteTeam "POL"]
[BlackTeam "USA"]
[WhiteClock "0:00:05"]
[BlackClock "0:00:04"]

1. d4 Nf6 2. Bg5 d5 3. Bxf6 gxf6 4. e3 c5 5. dxc5 e6 6. c4 dxc4 7. Nd2 Nd7 8. c6 Ne5 9. Ngf3 Nxf3+ 10. Qxf3 b5 11. O-O-O Qb6 12. Qxf6 Rg8 13. Ne4 Rg6 14. Qe5 Bg7 15. Qf4 e5 16. Qh4 Rxc6 17. Qxh7 Kf8 18. Qh4 Bf5 19. Ng3 Bg6 20. Ne4 c3 21. bxc3 b4 22. Rd7 bxc3 23. Bb5 Kg8 24. a4 a6 25. Rhd1 axb5 26. Rd8+ Rxd8 27. Rxd8+ Bf8 28. Qe7 Qxd8 29. Qxd8 Bxe4 30. axb5 Rc5 31. b6 c2 32. b7 Rb5 33. b8=Q Rb1+ 34. Kd2 c1=Q+ 35. Ke2 Qe1# 0-1

[Event "December 5 Early 2023"]
[Site "https://www.chess.com"]
[Date "2023.12.05"]
[Round "7"]
[White "Henriquez Villagra, Cristobal"]
[Black "Naroditsky, Daniel"]
[Result "1-0"]
[Board "3"]
[TimeControl "180+1"]
[WhiteFideId "3409350"]
[BlackFideId "2026961"]
[WhiteElo "2970"]
[BlackElo "3175"]
[WhiteTeam "CHI"]
[BlackTeam "USA"]
[WhiteClock "0:00:12"]
[BlackClock "0:00:06"]

1. e4 c5 2. Nf3 d6 3. Bb5+ Bd7 4. Qe2 Nf6 5. O-O e6 6. Bxd7+ Qxd7 7. e5 dxe5 8. Nxe5 Qc7 9. Nc3 a6 10. h3 Nc6 11. Nxc6 Qxc6 12. b3 Be7 13. Bb2 Rd8 14. Rfe1 O-O 15. d3 Rfe8 16. a4 b6 17. Ne4 Nxe4 18. Qxe4 Qxe4 19. Rxe4 Rd5 20. Rae1 Bf6 21. Bxf6 gxf6 22. Rg4+ Kf8 23. Rh4 Kg7 24. Re3 h5 25. Kf1 Rh8 26. Ke2 Rh6 27. g3 Rg6 28. b4 cxb4 29. Rxb4 b5 30. axb5 axb5 31. Ree4 Rgg5 32. Kd2 Rgf5 33. Rf4 Rfe5 34. Rf3 Rd6 35. Re3 Rf5 36. f4 Rc5 37. c3 Ra6 38. d4 Ra2+ 39. Kd3 Rd5 40. Ke4 Rh2 41. g4 h4 42. f5 Rg2 43. fxe6 fxe6 44. Kf3 Rg3+ 45. Kf2 Rxe3 46. Kxe3 Kg6 47. Ke4 Kg5 48. c4 bxc4 49. Rxc4 Kg6 50. Rc5 Rd8 51. Rh5 Rb8 52. Rxh4 Rb4 53. Kd3 Rb3+ 54. Kc4 Rb1 55. Rh5 Rc1+ 56. Kb5 Rc3 57. Kb6 Rc1 58. Kb5 Rc2 59. Kb6 Rc1 60. Rh8 Rc4 61. Rd8 Kg5 62. Kb5 Rc1 63. Re8 Re1 64. Kc5 Re4 65. Rh8 Kf4 66. Kd6 Ke3 67. Re8 Kxd4 68. Rxe6 Rf4 69. Ke7 Kd5 70. Rxf6 Ra4 71. Kf7 Ke5 72. Rf5+ Ke4 73. Kg6 Ra8 74. Kg5 Rg8+ 75. Kh4 Rh8+ 76. Kg3 Rg8 77. h4 Rh8 78. h5 Rg8 79. Kh4 Rf8 80. Rxf8 1-0

[Event "December 5 Early 2023"]
[Site "https://www.chess.com"]
[Date "2023.12.05"]
[Round "7"]
[White "Nakamura, Hikaru"]
[Black "Navara, David"]
[Result "1/2-1/2"]
[Board "4"]
[TimeControl "180+1"]
[WhiteFideId "2016192"]
[BlackFideId "309095"]
[WhiteElo "3247"]
[BlackElo "2986"]
[WhiteTeam "USA"]
[BlackTeam "CZE"]
[WhiteClock "0:00:04"]
[BlackClock "0:00:05"]

1. Nf3 d5 2. g3 Nf6 3. Bg2 g6 4. O-O Bg7 5. d4 O-O 6. c3 Nbd7 7. a4 a5 8. Na3 b6 9. Bf4 Bb7 10. Re1 Re8 11. Nb5 Rc8 12. Na7 Ra8 13. Nb5 Rc8 14. Ne5 Nh5 15. e3 Nxe5 16. dxe5 c6 17. Nd4 e6 18. h4 Ba6 19. Bf3 Nxf4 20. exf4 c5 21. Nc2 h5 22. Be2 Bxe2 23. Qxe2 Qd7 24. Na3 Red8 25. Nb5 Bf8 26. c4 dxc4 27. Rad1 Qb7 28. Qxc4 Be7 29. Nc3 Rd4 30. Qe2 Rcd8 31. Nb5 R4d5 32. b3 Kg7 33. Na3 Rd4 34. Nc2 R4d5 35. Qf3 Qa8 36. Qe2 Rxd1 37. Rxd1 Rxd1+ 38. Qxd1 c4 39. bxc4 Qe4 40. Ne3 Bc5 41. Qc2 Qf3 42. Nf1 Kf8 43. Qd2 Ke7 44. Ne3 Ke8 45. Kf1 Bxe3 46. Qxe3 Qd1+ 47. Kg2 Qxa4 48. Qxb6 Qxc4 49. Qxa5 Qe4+ 50. Kh2 Kf8 51. Qd8+ Kg7 52. Qd2 Qf3 53. Qe3 Qd5 54. Kg1 Kg8 55. Kf1 Kg7 56. Ke2 Qc4+ 57. Qd3 Qa2+ 58. Ke3 Qa7+ 59. Qd4 Qa3+ 60. Ke2 Qa2+ 61. Kf1 Qa6+ 62. Kg1 Qb7 63. Kh2 Qf3 64. Qd2 Qe4 65. Qe3 Qd5 66. Qe2 Qd4 67. Qf1 Qe4 68. Qg2 Qd4 69. Qf3 Qd2 70. Kg2 Qd4 71. Qb7 Qd3 72. Qc6 Qd4 73. Qf3 Qc4 74. Qd1 Qe4+ 75. f3 Qe3 76. Qc2 Qd4 77. Qf2 Qd3 78. g4 hxg4 79. fxg4 Qe4+ 80. Qf3 Qc2+ 81. Kh3 Qc1 82. f5 gxf5 83. gxf5 exf5 84. Qxf5 Qe3+ 85. Kg4 Qe2+ 86. Kg5 Qe3+ 87. Kh5 Kf8 88. Qc8+ Kg7 89. Qg4+ Kf8 90. Qg5 Qf3+ 91. Kh6 Qc6+ 92. Qf6 Qxf6+ 93. exf6 Kg8 94. Kg5 Kh7 95. h5 Kg8 96. Kf5 Kh7 97. Kf4 Kh6 98. Kg4 Kh7 99. Kf4 Kh6 100. Kg4 Kh7 101. Kg5 Kg8 102. Kf5 Kh7 103. Kf4 1/2-1/2

[Event "December 5 Early 2023"]
[Site "https://www.chess.com"]
[Date "2023.12.05"]
[Round "7"]
[White "Andreikin, Dmitry"]
[Black "Nguyen, Ngoc Truong Son"]
[Result "1-0"]
[Board "5"]
[TimeControl "180+1"]
[WhiteFideId "4158814"]
[BlackFideId "12401110"]
[WhiteElo "3090"]
[BlackElo "2954"]
[WhiteTeam "FID"]
[BlackTeam "VIE"]
[WhiteClock "0:00:04"]
[BlackClock "0:00:00"]

1. d4 Nf6 2. c4 e6 3. Nf3 d5 4. Bg5 h6 5. Bxf6 Qxf6 6. e3 c6 7. Bd3 Nd7 8. Nbd2 g5 9. O-O g4 10. Ne1 h5 11. f4 Bg7 12. Rc1 O-O 13. c5 Re8 14. Bb1 b6 15. b4 a5 16. b5 bxc5 17. bxc6 cxd4 18. cxd7 Bxd7 19. e4 Rec8 20. e5 Qe7 21. Nb3 Rxc1 22. Qxc1 Rc8 23. Qd2 f6 24. Qd3 f5 25. Nxd4 Qb4 26. Nec2 Qc4 27. Qd2 Bf8 28. Ne3 Qc3 29. Qxc3 Rxc3 30. Kf2 Bc5 31. Rd1 Kf7 32. Bc2 a4 33. g3 Bc8 34. Rd2 Bd7 35. Bd1 Bb6 36. Bc2 h4 37. gxh4 Bd8 38. h5 Bh4+ 39. Ke2 Be7 40. Bxf5 exf5 41. Nxd5 Rh3 42. Nxe7 Kxe7 43. Ke1 Rxh5 44. e6 Be8 45. Rb2 Rh3 46. Rb7+ Kf6 47. Rb8 Bg6 48. Rf8+ Ke7 49. Rg8 Kf6 50. Rf8+ Ke7 51. Rg8 Kf6 52. Nc6 Re3+ 53. Kf2 Rf3+ 54. Kg2 Rxf4 55. e7 Re4 56. Rf8+ Kg7 57. Kg3 Re3+ 58. Kf4 Re4+ 59. Kg5 Bf7 60. Kxf5 Bg6+ 61. Kg5 Bf7 62. Kf5 Bg6+ 63. Kg5 Bf7 64. a3 Re6 65. Rc8 Rg6+ 66. Kf4 Rf6+ 67. Kxg4 Be6+ 68. Kg5 Rf5+ 69. Kh4 Rf4+ 70. Kg3 1-0

[Event "December 5 Early 2023"]
[Site "https://www.chess.com"]
[Date "2023.12.05"]
[Round "7"]
[White "Caruana, Fabiano"]
[Black "Kovalev, Vladislav"]
[Result "1/2-1/2"]
[Board "6"]
[TimeControl "180+1"]
[WhiteFideId "2020009"]
[BlackFideId "13504398"]
[WhiteElo "3078"]
[BlackElo "2915"]
[WhiteTeam "USA"]
[BlackTeam "FID"]
[WhiteClock "0:00:06"]
[BlackClock "0:00:05"]

1. e4 e5 2. Nf3 Nc6 3. Bb5 a6 4. Ba4 Nf6 5. O-O Be7 6. d3 b5 7. Bb3 O-O 8. Nc3 d6 9. a3 Na5 10. Ba2 Be6 11. Bxe6 fxe6 12. b4 Nc6 13. Bd2 h6 14. Qe2 Nd4 15. Nxd4 exd4 16. Nd1 e5 17. f4 Qd7 18. Nf2 Qe6 19. Nh1 Qg4 20. Qe1 Nh5 21. f5 Nf6 22. Ng3 a5 23. bxa5 c5 24. Rf3 c4 25. Bb4 c3 26. h3 Qh4 27. Qb1 Qg5 28. Qb3+ Rf7 29. Raf1 Bf8 30. Nh1 d5 31. exd5 e4 32. dxe4 Nxe4 33. d6 Nd2 34. Qd5 Nxf3+ 35. Rxf3 Rd8 36. Kh2 Qf6 37. d7 Rxd7 38. Qe6 Bd6+ 39. Kg1 Qe5 40. Qxe5 Bxe5 41. Nf2 Ra7 42. Nd3 Bc7 43. Kf2 Bxa5 44. Rf4 Bxb4 45. axb4 Rfd7 46. Nc5 Rd6 47. Ke2 Ra1 48. Nb3 Rb1 49. Nxd4 Rxb4 50. Ke3 Rc4 51. Nxb5 Rxf4 52. Nxd6 Rb4 53. Ne4 Rb1 54. Nxc3 Rg1 55. g4 Rg2 56. Ne2 Rh2 57. c4 Rxh3+ 58. Ke4 Kf7 59. c5 Ke7 60. Nf4 Ra3 61. Nh5 Kf7 62. c6 Rc3 63. Kd5 Rc1 64. Kd6 Rd1+ 65. Kc7 Rd4 66. Kb8 Rxg4 67. c7 Rb4+ 68. Ka7 Rc4 69. Kb7 Rxc7+ 70. Kxc7 g6 71. fxg6+ Kxg6 72. Ng3 h5 73. Nxh5 1/2-1/2

[Event "December 5 Early 2023"]
[Site "https://www.chess.com"]
[Date "2023.12.05"]
[Round "7"]
[White "Maksimovic, Bojan"]
[Black "Bortnyk, Olexandr"]
[Result "0-1"]
[Board "7"]
[TimeControl "180+1"]
[WhiteFideId "14408120"]
[BlackFideId "14120828"]
[WhiteElo "2935"]
[BlackElo "3074"]
[WhiteTeam "BIH"]
[BlackTeam "UKR"]
[WhiteClock "0:00:00"]
[BlackClock "0:01:12"]

1. Nf3 Nf6 2. g3 d6 3. Bg2 g6 4. b3 Bg7 5. Bb2 O-O 6. O-O e5 7. c4 a5 8. d3 Nc6 9. Nc3 Bf5 10. Nd5 Nxd5 11. cxd5 Nb4 12. e4 Bd7 13. a3 Na6 14. d4 exd4 15. Bxd4 Re8 16. Re1 Bg4 17. Bxg7 Kxg7 18. Qd4+ Qf6 19. e5 Qf5 20. exd6+ f6 21. Nh4 Qd7 22. f3 Bh3 23. Bxh3 Qxh3 24. dxc7 Nxc7 25. d6 Qd7 26. Rxe8 Rxe8 27. Rd1 Ne6 28. Qd5 Ng5 29. Rd2 Re1+ 30. Kf2 Qe8 31. Qd4 Rh1 32. d7 Qe1+ 0-1

[Event "December 5 Early 2023"]
[Site "https://www.chess.com"]
[Date "2023.12.05"]
[Round "7"]
[White "Vasquez Schroeder, Rodrigo"]
[Black "Pranav, V"]
[Result "1/2-1/2"]
[Board "8"]
[TimeControl "180+1"]
[WhiteFideId "3400042"]
[BlackFideId "25060783"]
[WhiteElo "2913"]
[BlackElo "3070"]
[WhiteTeam "CHI"]
[BlackTeam "IND"]
[WhiteClock "0:00:17"]
[BlackClock "0:00:03"]

1. e4 e5 2. Nf3 Nc6 3. Bb5 a6 4. Ba4 Nf6 5. O-O Be7 6. Re1 b5 7. Bb3 O-O 8. h3 d6 9. c3 Nb8 10. d4 Nbd7 11. Nbd2 Bb7 12. Bc2 Re8 13. a4 Bf8 14. Bd3 c6 15. b3 g6 16. Bb2 Qb6 17. Qc2 Rad8 18. b4 Nh5 19. Bf1 Bg7 20. dxe5 Nxe5 21. Nxe5 Bxe5 22. Nf3 Bg7 23. a5 Qc7 24. c4 Qe7 25. Rad1 Nf6 26. e5 dxe5 27. Rxe5 Qxb4 28. Bc3 Qf8 29. Rxe8 Rxe8 30. Qb2 Ne4 31. Bxg7 Qxg7 32. Qxg7+ Kxg7 33. Rd7 Nc5 34. Rc7 b4 35. Nd4 Re1 36. f3 Rd1 37. Ne6+ Nxe6 38. Rxb7 c5 39. Kf2 Nd4 40. Rb6 b3 41. g4 Ra1 42. Bd3 Rxa5 43. Be4 Ra2+ 44. Ke3 a5 45. Bd5 b2 46. Rb7 Nc2+ 47. Kf4 Nb4 48. Rxf7+ Kg8 49. Be6 b1=Q 50. Rf6+ Kg7 51. Rf7+ Kh8 52. Rf8+ Kg7 53. Rf7+ Kg8 54. Rf6+ Kg7 55. Rf7+ 1/2-1/2

[Event "December 5 Early 2023"]
[Site "https://www.chess.com"]
[Date "2023.12.05"]
[Round "7"]
[White "Oparin, Grigoriy"]
[Black "Rakhmanov, Aleksandr"]
[Result "1-0"]
[Board "9"]
[TimeControl "180+1"]
[WhiteFideId "24125890"]
[BlackFideId "4173708"]
[WhiteElo "3059"]
[BlackElo "2906"]
[WhiteTeam "USA"]
[BlackTeam "FID"]
[WhiteClock "0:00:15"]
[BlackClock "0:00:00"]

1. Nf3 d5 2. g3 g6 3. c4 c6 4. Qa4 Nd7 5. cxd5 Nb6 6. Qd4 Nf6 7. dxc6 Qc7 8. Nc3 bxc6 9. Bg2 Bg7 10. O-O O-O 11. d3 Rd8 12. Qh4 h5 13. Bg5 Nbd5 14. Rac1 Qa5 15. Nd4 Bb7 16. Nb3 Qb6 17. Ne4 a5 18. Nbc5 a4 19. Rc2 Bc8 20. a3 Ra7 21. Rfc1 Ng4 22. h3 Nh6 23. g4 f5 24. Bxh6 Bxh6 25. g5 Bg7 26. Nd2 Qb8 27. e3 Kh7 28. Qc4 e5 29. Nxa4 Ba6 30. Qxc6 Bxd3 31. Bxd5 Bxc2 32. Rxc2 Rad7 33. Nc3 e4 34. Ndb1 Bxc3 35. Nxc3 f4 36. Bxe4 Rd6 37. Qc5 fxe3 38. Qxe3 Re6 39. Kg2 Qe5 40. h4 Rf8 41. Re2 Kg7 42. f3 Rf4 43. Nd5 Rxh4 44. Qa7+ Kh8 45. Qe3 1-0

[Event "December 5 Early 2023"]
[Site "https://www.chess.com"]
[Date "2023.12.05"]
[Round "7"]
[White "Zemlyanskii, Ivan"]
[Black "Harutjunyan, Gevorg"]
[Result "1-0"]
[Board "10"]
[TimeControl "180+1"]
[WhiteFideId "24249971"]
[BlackFideId "13300873"]
[WhiteElo "3017"]
[BlackElo "2894"]
[WhiteTeam "RUS"]
[BlackTeam "ARM"]
[WhiteClock "0:00:06"]
[BlackClock "0:00:06"]

1. d4 Nf6 2. c4 g6 3. Nc3 Bg7 4. e4 d6 5. Nf3 O-O 6. Be2 e5 7. O-O exd4 8. Nxd4 Re8 9. f3 c6 10. Kh1 d5 11. cxd5 cxd5 12. Bg5 Nc6 13. Bb5 h6 14. Nxc6 bxc6 15. Bxc6 hxg5 16. Bxa8 d4 17. Ne2 Nh5 18. Bd5 Ba6 19. Re1 d3 20. Nc3 Be5 21. Qa4 Kg7 22. g3 Rh8 23. Kg2 Qb6 24. Nd1 d2 25. Re3 Nf4+ 26. gxf4 Bxf4 27. Qb3 Rxh2+ 28. Kg1 Qd6 29. e5 Qc5 30. Qc3 Qxd5 31. e6+ f6 32. e7 Qb5 33. Nf2 Qe8 34. Rd1 Rxf2 35. Kxf2 Qh8 36. e8=N+ Kf7 37. Qxf6+ Qxf6 38. Nxf6 Kxf6 39. Rxd2 Bc4 40. b3 Be6 41. Rd4 Bc7 42. Rb4 Bb6 43. Rxb6 axb6 44. Rc3 Bd5 45. Rc7 Ke5 46. Ke3 Kd6 47. Rg7 Kc5 48. Rxg6 Kb4 49. Rxg5 Ba8 50. Rg6 b5 51. Ra6 Bd5 52. f4 Kc3 53. Ra7 b4 54. f5 Kb2 55. f6 Be6 56. Kd4 1-0

[Event "December 5 Early 2023"]
[Site "https://www.chess.com"]
[Date "2023.12.05"]
[Round "7"]
[White "Durarbayli, Vasif"]
[Black "Popov, Konstantin"]
[Result "0-1"]
[Board "11"]
[TimeControl "180+1"]
[WhiteFideId "13402935"]
[BlackFideId "34137910"]
[WhiteElo "2995"]
[BlackElo "2878"]
[WhiteTeam "AZE"]
[BlackTeam "FID"]
[WhiteClock "0:00:00"]
[BlackClock "0:01:03"]

1. e4 c5 2. Nf3 d6 3. d4 cxd4 4. Nxd4 Nf6 5. Nc3 a6 6. Bg5 Nbd7 7. Qe2 h6 8. Bh4 g6 9. O-O-O e5 10. Nb3 Be7 11. Qd2 b5 12. a3 Bb7 13. Bd3 Rc8 14. Kb1 Nc5 15. Nxc5 dxc5 16. f4 c4 17. fxe5 Ng4 18. Bxe7 Qxe7 19. Be2 Nxe5 20. Rhe1 Kf8 21. Nd5 Bxd5 22. exd5 Qd6 23. Qd4 Re8 24. Bg4 f5 25. Re3 Rh7 26. Rde1 Rhe7 27. Qf4 Nf7 28. Qxd6 Nxd6 29. Rxe7 Rxe7 30. Rf1 Kg7 31. Bf3 g5 32. h3 Kg6 33. Kc1 h5 34. Bd1 Re5 35. g4 hxg4 36. hxg4 Rxd5 37. Bf3 Rd4 38. gxf5+ Nxf5 39. Bb7 a5 40. Bc6 Nd6 41. c3 Rf4 42. Rd1 Rf6 43. a4 bxa4 44. Bxa4 g4 45. Bc2+ Kg5 46. Rd5+ Kh4 47. Rd4 Kh3 48. Kd2 g3 49. Ke3 g2 50. Rd1 Rf1 0-1

[Event "December 5 Early 2023"]
[Site "https://www.chess.com"]
[Date "2023.12.05"]
[Round "7"]
[White "Kuzubov, Yuriy"]
[Black "Matlakov, Maxim"]
[Result "0-1"]
[Board "12"]
[TimeControl "180+1"]
[WhiteFideId "14112906"]
[BlackFideId "4168003"]
[WhiteElo "2869"]
[BlackElo "2990"]
[WhiteTeam "UKR"]
[BlackTeam "RUS"]
[WhiteClock "0:00:07"]
[BlackClock "0:00:14"]

1. d4 Nf6 2. Nf3 e6 3. c4 b6 4. g3 Ba6 5. Qc2 c5 6. d5 exd5 7. cxd5 Bb7 8. Bg2 Nxd5 9. O-O Nc6 10. Rd1 Be7 11. a3 Nf6 12. e4 O-O 13. e5 Ne8 14. Nc3 Nc7 15. h4 Ne6 16. Be3 Re8 17. h5 h6 18. Qf5 Bf8 19. Ne4 Ne7 20. Qg4 Bxe4 21. Qxe4 Nc6 22. Qf5 Qc7 23. Qg4 Rad8 24. Rd5 d6 25. exd6 Rxd6 26. Rxd6 Qxd6 27. Bxh6 Ncd4 28. Nh4 Qe5 29. Bd2 Ne2+ 30. Kh2 Qxb2 31. Re1 Qxd2 32. Rxe2 Qd4 33. Be4 Qf6 34. Kg2 c4 35. Bc2 c3 36. Qe4 Nf4+ 37. Qxf4 Rxe2 38. Qb4 Qxf2+ 0-1